Map: Crête de Lerilak

Players

bgSaboteur

  • Race: Zerg Zerg
  • League: Diamond

Worming - Winner!

  • Race: Zerg Zerg
  • League: Diamond

VOD

Have the link to the VOD?

Description

Time

  • Played on: Nov. 26, 2015, 2:31 p.m.
  • Length: 12:40
Show
View Real Time Build Order
Export as new Build Order

bgSaboteur Zerg 

Build Orders: Pool First, Zergling Baneling 

Get SALT Encoding   

  12  0:02  Drone  
  13  0:08  Drone  
  14  0:19  Extractor  
  14  0:20  Drone  
  14  0:35  Spawning Pool  
  14  0:36  Drone  
  14  0:45  Overlord  
  14  0:52  Extractor  
  14  1:22  Zergling x6  
  14  1:24  Metabolic Boost  
  17  1:28  Queen  
  19  1:34  Zergling x2  
  20  1:46  Zergling x2  
  21  1:47  Baneling Nest  
  20  1:57  Zergling x2  
  21  2:06  Zergling x2  
  22  2:19  Overlord  
  21  2:43  Zergling x4  
  21  2:44  Zergling x4  
  25  2:49  Baneling x3  
  25  2:50  Baneling  
  25  2:51  Zergling x2  
  24  2:59  Zergling x2  
  24  3:16  Zergling x2  
  21  3:40  Zergling x8  
  22  3:44  Hatchery  
  22  3:47  Zergling x2  
  22  3:49  Baneling x2  
  22  3:50  Baneling  
  22  4:01  Zergling x2  
  20  4:21  Baneling x4  
  20  4:23  Zergling x6  
  22  4:31  Baneling  
  21  4:44  Baneling  
  21  4:45  Zergling x8  
  22  4:54  Zergling x2  
  23  5:04  Drone  
  23  5:05  Drone x2  
  26  5:12  Drone  
  27  5:18  Baneling x3  
  27  5:32  Drone x2  
  27  5:33  Drone  
  30  5:41  Drone x2  
  32  5:47  Overlord  
  32  5:51  Drone  
  32  5:53  Drone  
  34  6:01  Drone  
  35  6:08  Roach Warren  
  35  6:11  Drone x2  
  35  6:15  Drone  
  37  6:20  Drone x2  
  39  6:26  Queen  
  39  6:32  Drone x2  
  43  6:39  Lair  
  42  6:47  Overlord  
  42  6:48  Drone  
  42  6:52  Extractor  
  42  7:01  Drone  
  42  7:02  Extractor  
  42  7:17  Roach  
  42  7:18  Roach x3  
  50  7:27  Drone  
  51  7:35  Overlord  
  51  7:36  Overlord  
  51  7:38  Baneling x2  
  51  7:39  Baneling x3  
  51  7:41  Hatchery  
  50  7:49  Spine Crawler  
  49  8:04  Drone x7  
  49  8:05  Drone  
  57  8:08  Roach x4  
  57  8:22  Roach x2  
  57  8:26  Queen, Roach  
  61  8:32  Glial Reconstitution  
  63  8:40  Ravager  
  63  8:41  Ravager  
  65  8:44  Extractor  
  65  8:45  Overseer  
  65  8:46  Drone x3  
  67  8:56  Ravager  
  67  8:59  Roach x2  
  72  9:05  Overlord x2  
  72  9:10  Drone  
  72  9:11  Overlord x3  
  73  9:23  Queen  
  73  9:33  Roach x7  
  72  9:39  Roach  
  72  9:40  Roach x2  
  71  9:48  Roach x3  
  71  9:53  Roach x2  
  74  10:01  Roach x3  
  74  10:06  Drone x3  
  80  10:16  Ravager x4  
  80  10:19  Roach  
  80  10:20  Roach  
  88  10:22  Overlord  
  88  10:27  Evolution Chamber  
  87  10:37  Roach x2  
  87  10:38  Roach x3  
  93  10:44  Roach x3  
  99  10:50  Queen  
  101  10:58  Roach  
  101  10:59  Roach x2  
  99  11:19  Roach x6  
  86  11:29  Roach x3  
  67  11:42  Roach x4  
  67  11:43  Roach x2  
  71  11:51  Roach x2  
  74  12:03  Roach x4  
Show
View Real Time Build Order
Export as new Build Order

Worming Zerg - Winner!

Build Orders: Pool First, Zergling Baneling 

Get SALT Encoding   

  12  0:01  Drone  
  13  0:08  Drone  
  14  0:20  Extractor  
  13  0:21  Drone  
  13  0:22  Drone, Extractor  
  16  0:36  Spawning Pool  
  16  0:41  Extractor  
  14  0:43  Drone, Extractor  
  16  1:03  Hatchery  
  15  1:07  Overlord  
  15  1:16  Extractor  
  14  1:26  Zergling x2  
  14  1:27  Queen  
  14  1:29  Drone  
  14  1:32  Drone  
  19  1:40  Drone  
  20  1:50  Overlord  
  20  2:03  Queen  
  20  2:05  Baneling Nest  
  20  2:18  Zergling x2  
  20  2:19  Zergling x4  
  23  2:33  Zergling x4  
  23  2:49  Zergling x10  
  28  2:51  Baneling  
  27  3:01  Metabolic Boost  
  26  3:16  Zergling x2  
  26  3:17  Zergling x6  
  29  3:34  Drone x3  
  29  3:41  Zergling x6  
  29  3:47  Drone  
  32  3:51  Baneling x2  
  32  3:54  Drone  
  33  4:06  Baneling x4  
  33  4:10  Spine Crawler  
  26  4:22  Zergling x4  
  26  4:25  Drone x3  
  28  4:38  Spine Crawler  
  27  4:44  Zergling x4  
  25  4:46  Baneling x2  
  25  4:55  Drone x2  
  25  4:56  Evolution Chamber  
  25  4:57  Zergling x2  
  27  5:00  Baneling  
  27  5:07  Queen  
  27  5:09  Drone  
  27  5:13  Drone  
  31  5:15  Drone  
  32  5:22  Drone x2  
  34  5:28  Zerg Missile Weapons Level 1  
  34  5:33  Lair  
  34  5:35  Drone  
  35  5:39  Drone  
  36  5:49  Overlord  
  36  5:56  Roach Warren  
  35  5:57  Drone  
  36  6:07  Queen  
  36  6:08  Drone x4  
  42  6:13  Extractor  
  42  6:14  Extractor  
  42  6:16  Drone x3  
  43  6:19  Overlord  
  43  6:26  Drone  
  44  6:47  Overlord  
  44  6:48  Glial Reconstitution  
  44  6:50  Roach x4  
  52  6:54  Overlord  
  52  7:13  Drone x5  
  56  7:26  Overlord  
  56  7:27  Roach x3  
  62  7:30  Extractor  
  62  7:32  Zerg Missile Weapons Level 2  
  62  7:36  Drone  
  62  7:56  Queen  
  62  7:57  Queen  
  66  7:59  Drone x3  
  69  8:06  Spire  
  69  8:12  Hatchery  
  59  8:28  Roach x7  
  69  8:41  Overlord x2  
  69  8:42  Roach  
  69  8:43  Roach x2  
  76  8:49  Hydralisk Den  
  76  8:51  Overlord x2  
  76  8:54  Overlord  
  75  9:03  Ravager  
  75  9:04  Ravager x5  
  75  9:05  Roach  
  75  9:08  Overlord x3  
  83  9:11  Roach x4  
  91  9:23  Overseer  
  82  9:32  Extractor  
  82  9:36  Roach x5  
  82  9:37  Extractor  
  80  9:44  Roach x2  
  80  9:45  Roach x4  
  90  10:00  Roach x2  
  90  10:03  Ravager x3  
  90  10:04  Ravager  
  95  10:07  Drone x2  
  95  10:11  Drone  
  95  10:13  Drone x3  
  100  10:25  Pneumatized Carapace  
  98  10:43  Drone  
  98  10:44  Overlord  
  98  10:46  Lurker Den  
  99  11:00  Zergling x2  
  99  11:02  Zergling x2  
  101  11:06  Roach x8  
  117  11:17  Hatchery  
  112  11:21  Roach x5  
  110  11:32  Roach  
  106  11:33  Roach x3  
  106  11:37  Drone x2  
  108  11:52  Roach x5  
  116  12:13  Hydralisk x3  
  116  12:14  Hydralisk  
  115  12:24  Drone x3  
  115  12:25  Drone x6  
Tags
 
Add a new tag
Caveats
  • Supply blocks, unpowered buildings, or Contaminate may cause inaccurate times.
  • Supply counts are checked every 10 seconds.